 Dungeon Sprint DCSS version 0.15-a0-335-g04a2ae6 (webtiles) character file.

6809 Bloax the Brawler (level 11, -1/102 HPs)
             Began as a Ghoul Monk on May 1, 2014.
             Was the Champion of Dithmenos.
             Slain by a cyclops (19 damage)
             ... in the Dungeon (Sprint V: "Ziggurat Sprint").
             The game lasted 00:06:13 (484 turns).

Bloax the Brawler (Ghoul Monk)                       Turns: 484, Time: 00:06:14

HP  -1/102       AC 19     Str 26      XL: 11   Next:  5%
MP  16/20        EV 11     Int  4      God: Dithmenos [******]
Gold 0           SH  0     Dex 14      Spells:  0 memorised, 10 levels left

rFire  . . .     SeeInvis .       - Unarmed
rCold  + . .     Clarity  .     A - +5 storm dragon armour
rNeg   + + +     Conserve .     (no shield)
rPois  +         rCorr    .     (no helmet)
rElec  +         rRot     +     (no cloak)
SustAb + .       Spirit   .     (no gloves)
rMut   .         Warding  .     (no boots)
Saprov + + +     NoTele   +     (no amulet)
MR     .....                    E - ring "Plas" {SustAb Str+4 Int-1}
                                n - +6 ring of strength

@: rotting, wreathed by umbra, not resistant to hostile enchantments, extremely
unstealthy
A: rotting body, claws 1, carnivore 3, cold resistance 1, life protection 3,
poison resistance, saprovore 3, slow healing 1, torment resistance, unbreathing
a: Shadow Step, Shadow Form, Renounce Religion


You were in the Dungeon.
You worshipped Dithmenos.
Dithmenos was exalted by your worship.
You were not hungry.

You visited 1 branch


Innate Abilities, Weirdness & Mutations

Your body is rotting away.
You have sharp fingernails.
You are carnivorous and can eat meat at any time.
Your flesh is cold resistant.
You are immune to negative energy.
Your system is resistant to poisons.
You thrive on rotten meat.
You heal slowly when monsters are visible.
You are immune to unholy pain and torment.
You can survive without breathing.


   Skills:
 + Level 11.3 Fighting
 + Level 10.9 Armour
 + Level 9.6 Dodging
 - Level 2.1 Stealth
 - Level 18.3 Unarmed Combat
 - Level 7.2 Invocations


You had 10 spell levels left.
You didn't know any spells.

Dungeon Overview and Level Annotations

Branches:
Dungeon (1/1)

Altars:
Ashenzari
Cheibriados
Dithmenos
Elyvilon
Fedhas
Kikubaaqudgha
Makhleb
Nemelex Xobeh
Okawaru
Sif Muna
Trog
Vehumet
Xom
Yredelemnul
Zin
The Shining One
Beogh
Jiyva
Lugonu

Inventory:

Armour
 A - a +5 storm dragon armour (worn)
   (You found it in the Dungeon)
Magical devices
 r - a wand of disintegration (7)
   (You found it in the Dungeon)
 s - a wand of cold (1)
   (You found it in the Dungeon)
 t - a wand of draining (1)
   (You found it in the Dungeon)
Comestibles
 B - 4 meat rations
Scrolls
 a - a scroll of holy word {!r}
 g - 3 scrolls of blinking
 u - 3 scrolls of amnesia
 v - a scroll of recharging
 w - 6 scrolls of fog
 x - 5 scrolls of identify
 y - 4 scrolls of remove curse
 z - a scroll of fear
Jewellery
 n - a +6 ring of strength (left claw)
   (You found it in the Dungeon)
 o - the ring "Skosifad" {SustAb rC+ Str+2 Acc-1 Dam+6}
   (You found it in the Dungeon)

   [ring of sustain abilities]

   It sustains your strength, intelligence and dexterity.
   It affects your strength (+2).
   It affects your accuracy with ranged weapons and melee attacks (-1).
   It affects your damage with ranged weapons and melee attacks (+6).
   It protects you from cold.
 p - a +6 ring of dexterity
   (You found it in the Dungeon)
 q - a +6 ring of dexterity
   (You found it in the Dungeon)
 E - the ring "Plas" (right claw) {SustAb Str+4 Int-1}
   (You found it in the Dungeon)

   [ring of sustain abilities]

   It sustains your strength, intelligence and dexterity.
   It affects your strength (+4).
   It affects your intelligence (-1).
Potions
 b - 6 potions of curing
 c - 3 potions of heal wounds
 d - 5 potions of haste
 e - 7 potions of magic
 f - 2 potions of brilliance
 h - 2 potions of invisibility
 i - 2 potions of restore abilities
 j - 3 potions of resistance
 l - 5 potions of agility
 m - 3 potions of might
Miscellaneous
 k - a fan of gales
   (You found it in the Dungeon)
 C - a phial of floods
   (You found it in the Dungeon)

#.....k¤..#...((..#
#....h....#...|)).#
#.........#...)(((#
#.#..¤..#.#.#...#(#
#.........#..(((..#
###################
#((.8^8...#
#.¤¤¤¤["..#
#.¤¤¤())..#
#.¤c@C.((.#
#.¤¤¤¤(.((#
#(¤¤¤¤...(#
#(¤(¤...(.#
#.#.¤...#.#
#..(.((...#
###########


You could see a cyclops and a centaur (bleeding).


Message History

You claw the cyclops!
The cyclops is severely wounded.
The centaur warrior hits you!
* * * LOW HITPOINT WARNING * * *
You emit a cloud of dark smoke.
You feel drained.
The cyclops throws a large rock.
The centaur hits you but does no damage.
The cyclops hits you but does no damage.
You are too injured to fight recklessly!
Unknown command.
You are too injured to fight recklessly!
Unknown command.
You strike the helpless centaur warrior from behind!
You claw the centaur warrior!
The centaur warrior is moderately wounded.
The centaur closely misses you.
You scratch the cyclops.
The cyclops is almost dead.
Your transformation is almost over.
The centaur hits you but does no damage.
The cyclops throws a large rock.
The cyclops closely misses you. The centaur warrior closely misses you.
Unknown command.
You scratch the cyclops.
The cyclops is almost dead.
The centaur closely misses you. The centaur warrior hits you.
* * * LOW HITPOINT WARNING * * *
You emit a cloud of dark smoke.
You feel drained.
Unknown command.
You scratch the cyclops.
You kill the cyclops!
Dithmenos accepts your kill.
Your Fighting skill increases to level 11!
Your life force feels restored.
The centaur barely misses you.
Unknown command.
The centaur hits you but does no damage.
Unknown command.
Unknown command.
You catch the helpless centaur warrior completely off-guard!
You claw the centaur warrior!
The centaur warrior is severely wounded.
Unknown command.
You scratch the centaur but do no damage.
The cyclops throws a large rock.
Unknown command.
You barely miss the centaur warrior.
The centaur warrior is severely wounded.
The centaur barely misses you.
The centaur warrior hits you but does no damage.
Unknown command.
You scratch the centaur warrior.
The centaur warrior is severely wounded.
Your shadow hits the centaur warrior! The centaur hits you with a bow.
* * * LOW HITPOINT WARNING * * *
You emit a cloud of dark smoke.
You feel drained. The centaur warrior closely misses you.
You strike the helpless centaur warrior from behind!
You claw the centaur warrior!
You kill the centaur warrior!
Dithmenos accepts your kill.
You have reached level 11!
Your life force feels restored.
You catch the helpless centaur completely off-guard!
You claw the centaur!
The centaur is moderately wounded.
Unknown command.
You emerge from the shadows.
The cyclops hits you!
You die...

Action                   |  1- 3 |  4- 6 |  7- 9 | 10-12 || total
-------------------------+-------+-------+-------+-------++-------
Melee: Unarmed           |    10 |     6 |    46 |    82 ||   144
Invok: Shadow Form       |       |       |       |     2 ||     2
Evoke: Wand              |       |       |     8 |       ||     8
  Use: Potion            |     3 |     1 |     6 |     5 ||    15
       Scroll            |       |       |       |     3 ||     3
 Stab: Invisible         |       |       |       |    13 ||    13

Vault maps used:
D:        sprint_v

Notes
Turn   | Place    | Note
--------------------------------------------------------------
     0 | D        | Bloax, the Ghoul Monk, began the quest for the Orb.
     0 | D        | Reached XP level 1. HP: 19/19 MP: 1/1
     0 | D        | Found a white marble altar of Elyvilon.
     3 | D        | Became a worshipper of Dithmenos the Shadowed
     3 | D        | Acquired Dithmenos' first power
     6 | D        | Found an ancient bone altar of Kikubaaqudgha.
     6 | D        | Found a burning altar of Makhleb.
     6 | D        | Found an iron altar of Okawaru.
     8 | D        | Found a sparkling altar of Nemelex Xobeh.
     8 | D        | Found a deep blue altar of Sif Muna.
    10 | D        | Found a bloodstained altar of Trog.
    23 | D        | Found a basalt altar of Yredelemnul.
    23 | D        | Found a radiant altar of Vehumet.
    54 | D        | Found a shimmering altar of Xom.
    56 | D        | Entered arena 1.
    56 | D        | Noticed a slime creature
    66 | D        | HP: 3/19 [slime creature (9)]
    69 | D        | Killed a slime creature
    69 | D        | Reached skill level 12 in Unarmed Combat
    69 | D        | Reached XP level 2. HP: 19/26 MP: 2/2
    69 | D        | Reached XP level 3. HP: 22/31 MP: 3/3
    69 | D        | Reached XP level 4. HP: 26/38 MP: 3/3
    69 | D        | Reached XP level 5. HP: 30/45 MP: 4/4
    72 | D        | Reached skill level 5 in Armour
    72 | D        | Reached skill level 7 in Invocations
    72 | D        | Reached XP level 6. HP: 34/51 MP: 4/13
   110 | D        | Entered arena 2.
   110 | D        | Noticed an insubstantial wisp
   110 | D        | Noticed an air elemental
   110 | D        | Noticed an insubstantial wisp
   116 | D        | Killed an air elemental
   116 | D        | Reached skill level 13 in Unarmed Combat
   116 | D        | Reached XP level 7. HP: 30/57 MP: 7/14
   118 | D        | Killed an insubstantial wisp
   118 | D        | Reached skill level 14 in Unarmed Combat
   122 | D        | Killed an insubstantial wisp
   132 | D        | Entered arena 3.
   132 | D        | Noticed a deep elf fighter
   132 | D        | Noticed a deep elf priest
   132 | D        | Noticed a deep elf knight
   132 | D        | Noticed a deep elf conjurer
   135 | D        | Killed a deep elf conjurer
   135 | D        | Acquired Dithmenos' second power
   135 | D        | Reached skill level 15 in Unarmed Combat
   135 | D        | Reached XP level 8. HP: 24/62 MP: 11/16
   136 | D        | Killed a deep elf fighter
   136 | D        | Reached skill level 16 in Unarmed Combat
   138 | D        | Killed a deep elf priest
   139 | D        | HP: 8/62 [deep elf knight/+3,+2 vampiric great sword (16)]
   143 | D        | Killed a deep elf knight
   143 | D        | Reached skill level 18 in Unarmed Combat
   143 | D        | Reached XP level 9. HP: 20/69 MP: 13/18
   159 | D        | Entered arena 4.
   159 | D        | Noticed an orc wizard
   159 | D        | Noticed an orc wizard
   167 | D        | Killed an orc wizard
   167 | D        | Acquired Dithmenos' third power
   167 | D        | Reached skill level 6 in Armour
   168 | D        | Killed an orc wizard
   188 | D        | Entered arena 5.
   188 | D        | Noticed a red ugly thing
   188 | D        | Noticed a sky beast
   188 | D        | Noticed a purple ugly thing
   188 | D        | Noticed a red ugly thing
   188 | D        | Noticed a golden eye
   192 | D        | a sky beast changed into a shapeshifter
   197 | D        | a golden eye changed into a black bear
   203 | D        | Killed a purple ugly thing
   203 | D        | Reached skill level 4 in Fighting
   203 | D        | Reached skill level 3 in Dodging
   208 | D        | Killed a red ugly thing
   208 | D        | Acquired Dithmenos' fourth power
   208 | D        | Reached skill level 4 in Dodging
   210 | D        | HP: 18/72 [polar bear (shapeshifter) (8)]
   211 | D        | Noticed an orb spider
   211 | D        | a black bear changed into an orb spider
   212 | D        | HP: 8/72 [polar bear (shapeshifter) (1)]
   214 | D        | Killed a red ugly thing
   214 | D        | Reached skill level 5 in Fighting
   217 | D        | Killed an orb spider
   217 | D        | Reached skill level 6 in Fighting
   217 | D        | Reached skill level 7 in Armour
   217 | D        | Reached skill level 5 in Dodging
   221 | D        | Reached skill level 7 in Fighting
   221 | D        | Reached skill level 8 in Armour
   228 | D        | Got the ring "Plas" {SustAb Str+4 Int-1}
   266 | D        | Entered arena 6.
   266 | D        | Noticed a jelly
   266 | D        | Noticed a slime creature
   266 | D        | Noticed an eye of devastation
   266 | D        | Paralysed by a giant eyeball for 4 turns
   273 | D        | Killed an eye of devastation
   273 | D        | Reached skill level 6 in Dodging
   275 | D        | Killed a slime creature
   275 | D        | Reached XP level 10. HP: 68/88 MP: 19/19
   279 | D        | Killed a jelly
   287 | D        | Entered arena 7.
   287 | D        | Noticed a yaktaur captain
   287 | D        | Noticed a yaktaur
   287 | D        | Noticed a vault guard
   287 | D        | Noticed a yaktaur
   287 | D        | Noticed a deep elf knight
   287 | D        | Noticed a giant orange brain
   296 | D        | HP: 22/88 [vault guard/glaive (5)]
   297 | D        | HP: 1/88 [deep elf knight/arrow (11)]
   304 | D        | HP: 21/88 [vault guard/glaive (9)]
   311 | D        | Killed a giant orange brain
   316 | D        | Killed a vault guard
   316 | D        | Reached skill level 8 in Fighting
   316 | D        | Reached skill level 9 in Armour
   316 | D        | Reached skill level 7 in Dodging
   321 | D        | Killed a yaktaur
   327 | D        | HP: 9/90 [something (4)]
   328 | D        | Killed a yaktaur captain
   328 | D        | Reached skill level 9 in Fighting
   328 | D        | Reached skill level 8 in Dodging
   336 | D        | HP: 16/92 [deep elf knight/uncursed scimitar (2)]
   338 | D        | Killed a deep elf knight
   338 | D        | Reached skill level 10 in Fighting
   338 | D        | Reached skill level 10 in Armour
   345 | D        | Killed a yaktaur
   385 | D        | Entered arena 8.
   385 | D        | Noticed a wight
   385 | D        | Noticed a wight
   385 | D        | Noticed a necrophage
   392 | D        | Identified a +7 rod of inaccuracy (7/10)
   394 | D        | Killed a necrophage
   395 | D        | Killed a wight
   407 | D        | Killed a wight
   429 | D        | Entered arena 9.
   429 | D        | Noticed an efreet
   429 | D        | Noticed a hell hog
   429 | D        | Noticed a fire vortex
   429 | D        | Noticed a hell hound
   429 | D        | Noticed an efreet
   429 | D        | Noticed a fire drake
   429 | D        | Noticed a hell hound
   429 | D        | Noticed a fire drake
   434 | D        | Entered arena 10.
   434 | D        | Noticed a cyclops
   434 | D        | Noticed a centaur
   434 | D        | Noticed a cyclops
   434 | D        | Noticed a cyclops
   434 | D        | Noticed a centaur warrior
   434 | D        | Noticed a centaur
   434 | D        | Noticed a cyclops
   434 | D        | Noticed a centaur warrior
   434 | D        | Noticed a centaur
   441 | D        | Killed a centaur
   451 | D        | Killed a centaur
   453 | D        | Got the ring "Skosifad" {SustAb rC+ Str+2 Acc-1 Dam+6}
   463 | D        | Killed a cyclops
   463 | D        | HP: 17/94 [cyclops (9)]
   469 | D        | Killed a centaur warrior
   469 | D        | Reached skill level 9 in Dodging
   471 | D        | Killed a cyclops
   472 | D        | HP: 20/94 [centaur warrior (4)]
   476 | D        | Killed a cyclops
   476 | D        | Reached skill level 11 in Fighting
   481 | D        | HP: 16/95 [centaur/bow (3)]
   482 | D        | Killed a centaur warrior
   482 | D        | Reached XP level 11. HP: 17/102 MP: 16/20
   484 | D        | Slain by a cyclops

Vanquished Creatures
  A vault guard (D)
  A yaktaur captain (D)
  2 centaur warriors (D)
  2 deep elf knights (D)
  A giant orange brain (D)
  An orb spider (shapeshifter) (D)
  3 cyclopes (D)
  A deep elf conjurer (D)
  An eye of devastation (D)
  2 yaktaurs (D)
  A deep elf priest (D)
  A polar bear (shapeshifter) (D)
  2 slime creatures (D)
  3 ugly things (D)
  An air elemental (D)
  A necrophage (D)
  A deep elf fighter (D)
  2 insubstantial wisps (D)
  A jelly (D)
  2 wights (D)
  2 orc wizards (D)
  An adder zombie (D)
  2 giant eyeballs (D)
  2 oozes (D)
  2 orcs (D)
  A giant gecko skeleton (D)
  A goblin zombie (D)
  A jackal zombie (D)
42 creatures vanquished.

Vanquished Creatures (others)
  2 centaurs (D)
2 creatures vanquished.

Grand Total: 44 creatures vanquished
